AoeStats
← SeemsFishy

Lombardia

507696189Analyzed
4v4 RM · 13d ago on Sep 19, 2026· 31m 46s· 8 players
Game mode
Random Map
Map size
Large (8 player)
Population
200
Speed
Normal
Resources
Standard
Victory
Conquest
Starting age
Dark Age
Ending age
Imperial Age
RankedLock teamsTeams togetherTeam positionsShared explorationLock speedFull tech treeHidden civsTurbo modeCheats
Victory
Defeat
🇩🇪 Persians · Germany
1479
+13
🇪🇸 Saracens · Spain
1447
+14
🇨🇭 Burgundians · Switzerland
1389
+17
🇬🇷 Ethiopians · Greece
1361
+17
🇬🇧 Hindustanis · United Kingdom
1437
-17
🇨🇳 Jurchens · China
1408
-15
🇨🇳 Byzantines · China
1394
-15
1373
-14
SeemsFishy
6:37 Loom
9:02 Feudal Age
9:41 Double-Bit Axe
11:08 Horse Collar
12:35 Wheelbarrow
18:47 Scale Barding Armor
26:26 Castle Age
24:41 Forging
25:58 Bloodlines
26:28 Light Cavalry
27:30 Chain Barding Armor
27:15 Gold Mining
29:05 Gold Shaft Mining
30:20 Husbandry
31:37 Hand Cart
31:43 Bow Saw
帝国吕布
9:34 Loom
11:29 Feudal Age
15:29 Castle Age
14:56 Double-Bit Axe
15:55 Horse Collar
18:37 Bow Saw
19:05 Wheelbarrow
21:08 Fletching
24:32 Bodkin Arrow
25:40 Scale Mail Armor
Ejatch Lemayahu Gewodros
5:00 Loom
12:46 Feudal Age
14:03 Double-Bit Axe
17:29 Castle Age
18:18 Fletching
27:18 Husbandry
27:28 Bloodlines
26:41 Light Cavalry
27:32 Forging
27:28 Scale Barding Armor
30:07 Town Watch
30:51 Szlachta Privileges
31:10 Chain Barding Armor
很蓝的啦
5:50 Loom
6:03 Loom
9:05 Feudal Age
9:49 Double-Bit Axe
10:36 Horse Collar
13:55 Bloodlines
16:56 Scale Barding Armor
17:38 Town Watch
18:29 Wheelbarrow
20:43 Wheelbarrow
21:42 Gold Mining
22:35 Forging
25:13 Castle Age
26:31 Chain Barding Armor
26:14 Husbandry
26:35 Bow Saw
26:25 Heavy Plow
27:02 Gold Shaft Mining
27:03 Stone Mining
Melquiades3959
7:25 Loom
9:46 Feudal Age
11:27 Double-Bit Axe
11:52 Horse Collar
14:17 Fletching
16:54 Wheelbarrow
16:38 Padded Archer Armor
23:58 Castle Age
24:07 Crossbowman
24:46 Bodkin Arrow
25:16 Bow Saw
25:08 Heavy Plow
25:00 Gold Mining
28:40 Ballistics
30:59 Thumb Ring
JAxys
9:39 Feudal Age
9:04 Loom
13:21 Forging
14:15 Scale Barding Armor
15:20 Horse Collar
21:11 Castle Age
19:28 Gold Mining
20:40 Double-Bit Axe
23:15 Heavy Plow
25:20 Cavalier
28:01 Chain Barding Armor
30:43 Wheelbarrow
mojotzotzo
9:37 Feudal Age
10:13 Double-Bit Axe
12:39 Fletching
13:38 Padded Archer Armor
14:21 Horse Collar
14:36 Gold Mining
14:32 Horse Collar
20:47 Loom
23:17 Castle Age
23:32 Crossbowman
24:09 Bodkin Arrow
26:37 Ballistics
26:42 Leather Archer Armor
27:24 Bow Saw
27:56 Thumb Ring
30:43 Heavy Plow
hermelin*?
5:59 Loom
6:14 Loom
8:52 Feudal Age
9:41 Double-Bit Axe
13:45 Forging
15:55 Scale Barding Armor
17:09 Horse Collar
18:17 Bloodlines
20:29 Gold Mining
22:54 Castle Age
23:27 Husbandry
23:50 Bow Saw
25:52 Stone Mining
28:33 Wheelbarrow
27:43 Town Watch
Connection lost

Rejoining the realm…

Still unreachable

The connection could not be restored.

Session expired

The server has moved on; the page needs a fresh start.